 Dungeon Crawl Stone Soup version 0.31-a0-229-g1fc7ce93e2 (webtiles) character file.

Game seed: 9058834376280596660

383 qw the Shooter (level 6, -1/52 HPs)
             Began as a Minotaur Hexslinger on July 6, 2023.
             Slain by an orc wizard
             ... wielding a +0 dagger
              (3 damage)
             ... on level 4 of the Dungeon.
             The game lasted 00:01:24 (3812 turns).

qw the Shooter (Minotaur Hexslinger)                Turns: 3812, Time: 00:01:25

Health: -1/52      AC:  4    Str: 13    XL:     6   Next: 47%
Magic:  6/6        EV: 12    Int: 10    God:
Gold:   75         SH:  0    Dex: 14    Spells: 6/7 levels left

rFire   . . .        Y - +1 sling (flame)
rCold   + . .        (no shield)
rNeg    . . .        i - +2 robe {rC+}
rPois   .            (helmet restricted)
rElec   .            (no cloak)
rCorr   .            (no gloves)
SInv    .            (no boots)
Will    .....        (no amulet)
Stlth   +            (no ring)
HPRegen 0.28/turn    (no ring)
MPRegen 0.10/turn

%: no passive effects
@: no status effects
A: horns 2, retaliatory headbutt
a: no special abilities


You were on level 4 of the Dungeon.
You visited 1 branch of the dungeon, and saw 5 of its levels.

You collected 160 gold pieces.
You spent 85 gold pieces at shops.


Innate Abilities, Weirdness & Mutations

You have a pair of horns on your head.
You reflexively headbutt those who attack you in melee.


   Skills:
 - Level 4.1 Fighting
 + Level 6.7 Ranged Weapons
 - Level 2.1 Dodging
 - Level 1.0 Spellcasting
 - Level 2.0 Hexes


You had 6 spell levels left.
You knew the following spells:

 Your Spells              Type           Power      Damage    Failure   Level
a - Slow                  Hex            16%        N/A       16%         1

Your spell library contained the following spells:

 Spells                   Type           Power      Damage    Failure   Level
 Inner Flame              Hex/Fire       2%         N/A       56%         3
 Portal Projectile        Hex/Tloc       4%         N/A       56%         3
 Cause Fear               Hex            2%         N/A       83%         4

Inventory:

Hand Weapons
 Y - a +1 sling of flaming (weapon)
Armour
 e - a +0 leather armour of fire resistance
 i - a +2 robe of cold resistance (worn)
Scrolls
 f - a scroll of identify
Potions
 a - a potion of haste
 b - a potion of enlightenment
 c - a potion of degeneration {unknown}
 d - a potion of berserk rage {unknown}
 g - a potion of might
 h - a potion of curing

Dungeon Overview and Level Annotations

Branches:
Dungeon (5/15)
 Temple: D:4-7

Altars:
Vehumet
The Shining One

Shops:
D:1 ?   D:4 [


Message History

The puff of flame hits you!
You shoot a sling bullet. Something hits you.
You shoot a sling bullet. Something hits you but does no damage.
You shoot a sling bullet. Something hits you.
You shoot a sling bullet.
You hear some strange, mumbled words.
You are confused.
You shoot a sling bullet. Something hits you.
You shoot a sling bullet. Something hits you.
You shoot a sling bullet. Something hits you.
You shoot a sling bullet. Something hits you but does no damage.
You shoot a sling bullet. Something hits you. x2
You shoot a sling bullet. Something hits you but does no damage.
You shoot a sling bullet.
You feel less confused.
An orc wizard appears from thin air!
Reactivating autopickup.
The orc wizard gestures wildly while chanting.
The orc wizard flickers and vanishes!
Deactivating autopickup; reactivate with Ctrl-A.
You shoot a sling bullet. Something hits you.
You shoot a sling bullet. Something hits you.
You shoot a sling bullet. Something hits you but does no damage.
You shoot a sling bullet. Something hits you but does no damage.
You shoot a sling bullet. Something hits you.
You die...

#.##
##....................#
#.##
##..................##
#..#
##.....)............#
#..##
############.......#
##..# #.......# ##..#
##......## #...#
###.......# ..###
#######...####### ###
##...)@{.###
##.######## ##.## ##.##
#.## ###


There were no monsters in sight!

Vanquished Creatures
  An orc warrior (D:4)
  A scorpion (D:4)
  2 hounds (D:4)
  2 iguanas (D:4)
  Natasha (D:3)
  An adder (D:3)
  A worm (D:2)
  4 dart slugs
  An orc (D:3)
  7 ball pythons
  6 endoplasms
  2 giant cockroaches
  7 goblins
  7 hobgoblins
  3 jackals (D:1)
  6 kobolds
  4 quokkas
  5 bats
  3 frilled lizards (D:2)
  3 rats
67 creatures vanquished.

Notes
Turn   | Place    | Note
-------+----------+-------------------------------------------
     0 | D:1      | qw the Minotaur Hexslinger began the quest for the Orb.
     0 | D:1      | Reached XP level 1. HP: 16/16 MP: 1/1
     0 | D:1      | 0 ||| qw: Version: 0.3-a-46-gb1f654a
     0 | D:1      | 0 ||| qw: Game counter: 1547
     0 | D:1      | 0 ||| qw: Melee chars always use a shield: true
     0 | D:1      | 0 ||| qw: God list: Okawaru
     0 | D:1      | 0 ||| qw: Allow faded altars: false
     0 | D:1      | 0 ||| qw: Do Orc after clearing Dungeon:15 true
     0 | D:1      | 0 ||| qw: Do second Lair branch before Depths: true
     0 | D:1      | 0 ||| qw: Lair rune preference: random
     0 | D:1      | 0 ||| qw: Goals: Normal
     0 | D:1      | 0 ||| PLANNING D:1-11
     3 | D:1      | Noticed an electric eel
     4 | D:1      | Noticed an electric eel
   129 | D:1      | Reached skill level 3 in Ranged Weapons
   186 | D:1      | Reached XP level 2. HP: 23/23 MP: 2/2
   477 | D:1      | Found Laokh's Magic Scroll Boutique.
   492 | D:1      | 492 ||| SHOPLISTING scroll of enchant armour (97 gold, have
                  | 13).
   492 | D:1      | 492 ||| SHOPLISTING scroll of identify (26 gold, have 13).
   492 | D:1      | 492 ||| SHOPLISTING scroll of teleportation (39 gold, have
                  | 13).
  1007 | D:1      | 1007 ||| READING scroll labelled DYSMOIN IRITAE.
  1012 | D:1      | 1012 ||| READING 4 scrolls labelled QITYIFYLOU.
  1013 | D:1      | 1013 ||| READING 3 scrolls of identify.
  1013 | D:1      | 1013 ||| IDENTIFYING fuming dark potion
  1014 | D:1      | 1014 ||| READING 2 scrolls of identify.
  1014 | D:1      | 1014 ||| IDENTIFYING golden potion
  1015 | D:1      | 1015 ||| DROPPING scroll of poison.
  1016 | D:1      | 1016 ||| DROPPING potion of brilliance.
  1144 | D:2      | Reached XP level 3. HP: 29/29 MP: 3/3
  1356 | D:2      | Reached skill level 4 in Ranged Weapons
  1418 | D:2      | 1418 ||| FLEEEEING.
  1419 | D:2      | 1419 ||| FLEEEEING.
  1420 | D:2      | 1420 ||| FLEEEEING.
  1421 | D:2      | 1421 ||| FLEEEEING.
  1924 | D:2      | 1924 ||| UPGRADING to +0 leather armour of fire resistance.
  1934 | D:2      | 1934 ||| DROPPING +0 robe.
  1935 | D:2      | 1935 ||| READING scroll labelled KYEXKO VALAFOF.
  1936 | D:2      | 1936 ||| READING scroll labelled FUDOOHUFFI.
  1937 | D:2      | 1937 ||| DRINKING 2 smoky black potions.
  1938 | D:2      | 1938 ||| READING 3 scrolls of identify.
  1938 | D:2      | 1938 ||| IDENTIFYING ruby potion
  1939 | D:2      | 1939 ||| READING 2 scrolls of identify.
  1939 | D:2      | 1939 ||| IDENTIFYING dark potion
  2000 | D:3      | Found a faded altar of an unknown god.
  2003 | D:3      | Found a glowing golden altar of the Shining One.
  2155 | D:3      | 2155 ||| SWAPPING to +0 sling of flaming.
  2156 | D:3      | 2156 ||| DROPPING +2 sling.
  2168 | D:3      | Reached XP level 4. HP: 26/36 MP: 4/4
  2298 | D:3      | Found a radiant altar of Vehumet.
  2370 | D:3      | Noticed Natasha
  2372 | D:3      | 2372 ||| FLEEEEING.
  2373 | D:3      | 2373 ||| FLEEEEING.
  2374 | D:3      | 2374 ||| FLEEEEING.
  2375 | D:3      | 2375 ||| FLEEEEING.
  2377 | D:3      | 2377 ||| FLEEEEING.
  2378 | D:3      | 2378 ||| FLEEEEING.
  2379 | D:3      | 2379 ||| FLEEEEING.
  2380 | D:3      | 2380 ||| FLEEEEING.
  2381 | D:3      | 2381 ||| FLEEEEING.
  2388 | D:3      | HP: 9/36 [cerulean imp/+0 spear[Natasha] (4)]
  2388 | D:3      | Killed Natasha
  2389 | D:3      | Reached skill level 5 in Ranged Weapons
  2395 | D:3      | Noticed Natasha
  2397 | D:3      | HP: 9/36 [Natasha/puff of flame (4)]
  2721 | D:3      | 2721 ||| READING scroll labelled OMUACK GAEKAZ.
  2722 | D:3      | 2722 ||| READING 2 scrolls of identify.
  2722 | D:3      | 2722 ||| IDENTIFYING amethyst potion
  2723 | D:3      | 2723 ||| DROPPING potion of attraction.
  2772 | D:4      | Reached skill level 3 in Fighting
  2817 | D:4      | 2817 ||| FLEEEEING.
  2834 | D:4      | 2834 ||| STAIRDANCE
  2838 | D:4      | 2838 ||| STAIRDANCE
  2842 | D:4      | 2842 ||| STAIRDANCE
  2846 | D:4      | 2846 ||| STAIRDANCE
  2850 | D:4      | 2850 ||| STAIRDANCE
  2854 | D:4      | 2854 ||| STAIRDANCE
  2858 | D:4      | 2858 ||| STAIRDANCE
  2862 | D:4      | 2862 ||| STAIRDANCE
  2866 | D:4      | 2866 ||| STAIRDANCE
  2870 | D:4      | 2870 ||| STAIRDANCE
  2874 | D:4      | 2874 ||| STAIRDANCE
  2878 | D:4      | 2878 ||| STAIRDANCE
  2882 | D:4      | 2882 ||| STAIRDANCE
  2886 | D:4      | 2886 ||| STAIRDANCE
  2890 | D:4      | 2890 ||| STAIRDANCE
  2894 | D:4      | 2894 ||| STAIRDANCE
  2898 | D:4      | 2898 ||| STAIRDANCE
  2902 | D:4      | 2902 ||| STAIRDANCE
  2906 | D:4      | 2906 ||| STAIRDANCE
  2910 | D:4      | 2910 ||| STAIRDANCE
  2931 | D:4      | 2931 ||| FLEEEEING.
  2932 | D:4      | 2932 ||| FLEEEEING.
  2933 | D:4      | 2933 ||| FLEEEEING.
  2934 | D:4      | 2934 ||| FLEEEEING.
  2935 | D:4      | 2935 ||| FLEEEEING.
  2936 | D:4      | 2936 ||| FLEEEEING.
  2937 | D:4      | 2937 ||| FLEEEEING.
  2938 | D:4      | 2938 ||| FLEEEEING.
  2939 | D:4      | 2939 ||| FLEEEEING.
  2940 | D:4      | 2940 ||| FLEEEEING.
  2941 | D:4      | 2941 ||| FLEEEEING.
  2942 | D:4      | 2942 ||| FLEEEEING.
  2943 | D:4      | 2943 ||| FLEEEEING.
  2944 | D:4      | 2944 ||| FLEEEEING.
  2945 | D:4      | 2945 ||| FLEEEEING.
  2946 | D:4      | 2946 ||| FLEEEEING.
  2947 | D:4      | 2947 ||| FLEEEEING.
  3001 | D:4      | Reached XP level 5. HP: 23/45 MP: 5/5
  3234 | D:4      | 3234 ||| READING scroll of enchant weapon.
  3234 | D:4      | 3234 ||| ENCHANTING +0 sling of flaming.
  3268 | D:4      | Found Doeth's Antique Armour Emporium.
  3274 | D:4      | 3274 ||| SHOPLISTING glowing cloak (172 gold, have 143).
  3274 | D:4      | 3274 ||| BUYING glowing robe (85 gold).
  3274 | D:4      | Bought a glowing robe for 85 gold pieces
  3342 | D:4      | Reached skill level 6 in Ranged Weapons
  3744 | D:4      | 3744 ||| UPGRADING to +2 robe of cold resistance.
  3754 | D:4      | 3754 ||| READING scroll labelled HEOSONOAGISCH.
  3755 | D:4      | 3755 ||| DRINKING 2 lumpy coppery potions.
  3765 | D:5      | Entered Level 5 of the Dungeon
  3766 | D:5      | Noticed an orc warrior
  3770 | D:5      | 3770 ||| STAIRDANCE
  3775 | D:4      | HP: 11/45 [scorpion (1)]
  3776 | D:4      | 3776 ||| DRINKING potion of heal wounds.
  3778 | D:4      | Reached XP level 6. HP: 42/52 MP: 6/6
  3784 | D:4      | Killed an orc warrior
  3796 | D:4      | HP: 12/52 [something/puff of flame (9)]
  3801 | D:4      | HP: 9/52 [something (1)]
  3808 | D:4      | HP: 5/52 [something (1)]
  3809 | D:4      | HP: 1/52 [something (4)]
  3812 | D:4      | Slain by an orc wizard

Levels and vault maps discovered:
D:1:      arrival_aquarium_b, layout_loops_corners, serial_shops, shop,
          serial_forest, infiniplex_forest_corner_1,
          infiniplex_forest_clump_cross, infiniplex_forest_lined_3_way,
          infiniplex_forest_join, infiniplex_forest_end_double,
          infiniplex_forest_clump_cross, infiniplex_forest_end_1
D:2:      minmay_evil_eye, layout_basic
D:3:      layout_basic, vehumet_crystals, nicolae_overflow_ecumenical_swirl,
          uniq_natasha
D:4:      layout_layer_cave, serial_shops, nicolae_diamond_shop
D:5:      layout_gridville

Skill      XL: |  1  2  3  4  5 |
---------------+----------------+-----
Ranged Weapons | 3 4 5 6 |  6.7
Fighting       | 2 3 4 |  4.1
Dodging        | |  2.1
Spellcasting   | |  1.0
Hexes          | |  2.0

Action                     |  1- 3 |  4- 6 || total
---------------------------+-------+-------++-------
   Fire: Sling             |   138 |   116 ||   254
    Use: Scroll            |     8 |     4 ||    12
         Potion            |     1 |     2 ||     3
 Armour: Robe              |    11 |    18 ||    29
         Leather armour    |     1 |     5 ||     6
  Dodge: Dodged            |    49 |    35 ||    84

Table legend:
 A = Non-vault XP
 B = Vault XP
 C = Vault XP percentage of total XP
 D = Non-vault monster count
 E = Vault monster count
 F = Vault count percentage of total count
                 A         B        C        D         E       F
            +---------+---------+-------+---------+---------+-------
      Total |     505 |      43 |   7.8 |      62 |       5 |   7.5
            +---------+---------+-------+---------+---------+-------
        D:1 |      39 |       0 |   0.0 |      21 |       0 |   0.0
        D:2 |      31 |      10 |  24.4 |      17 |       4 |  19.0
        D:3 |      27 |      33 |  55.0 |       8 |       1 |  11.1
        D:4 |     408 |       0 |   0.0 |      16 |       0 |   0.0
            +---------+---------+-------+---------+---------+-------
